 Dungeon Crawl Stone Soup version 0.21.1-1-g345015f (webtiles) character file.

154 Iko the Cudgeler (level 5, -4/47 HPs)
             Began as a Gnoll Berserker on May 6, 2018.
             Was a Believer of Trog.
             Slain by an iguana (7 damage)
             ... on level 4 of the Dungeon.
             The game lasted 00:07:46 (860 turns).

Iko the Cudgeler (Gnoll Berserker)                   Turns: 860, Time: 00:07:47

Health: -4/47      AC:  4    Str: 19    XL:     5   Next: 35%
Magic:  7/7        EV: 14    Int: 11    God:    Trog [**....]
Gold:   34         SH:  0    Dex: 14    Spells: 6/6 levels left

rFire    . . .     SeeInvis .   f - +0 rapier
rCold    . . .     Gourm    .   (no shield)
rNeg     . . .     Faith    .   b - +2 animal skin
rPois    .         Spirit   .   (no helmet)
rElec    .         Reflect  .   (no cloak)
rCorr    .         Harm     .   (no gloves)
MR       .....                  (no boots)
Stlth    ++........             (no amulet)
HPRegen  0.15/turn              (no ring)
MPRegen  0.10/turn              (no ring)

@: no status effects
A: distributed training, fangs 2, hooves 1, strong nose
a: Berserk, Trog's Hand, Burn Spellbooks, Renounce Religion


You were on level 4 of the Dungeon.
You worshipped Trog.
Trog was pleased with you.
You were near starving.

You visited 1 branch of the dungeon, and saw 4 of its levels.

You collected 34 gold pieces.

Inventory:

Hand Weapons
 d - a +0 hunting sling
 f - a +0 rapier (weapon)
Armour
 b - a +2 animal skin (worn)
Wands
 a - a wand of polymorph (9)
Scrolls
 e - 3 scrolls of teleportation
Comestibles
 c - 3 rations
 g - 5 chunks of flesh


   Skills:
 + Level 6.7 Fighting
 + Level 1.4 Short Blades
 + Level 1.4 Long Blades
 + Level 1.4 Axes
 + Level 6.7 Maces & Flails
 + Level 1.4 Polearms
 + Level 1.4 Staves
 + Level 1.4 Slings
 + Level 1.4 Bows
 + Level 1.4 Crossbows
 + Level 1.4 Throwing
 + Level 4.7 Armour
 + Level 4.7 Dodging
 + Level 1.4 Stealth
 + Level 1.4 Shields
 + Level 1.4 Unarmed Combat
 + Level 1.4 Spellcasting
 + Level 1.1 Conjurations
 + Level 1.1 Hexes
 + Level 1.1 Charms
 + Level 1.1 Summonings
 + Level 1.1 Necromancy
 + Level 1.1 Translocations
 + Level 1.1 Transmutations
 + Level 1.1 Fire Magic
 + Level 1.1 Ice Magic
 + Level 1.1 Air Magic
 + Level 1.1 Earth Magic
 + Level 1.1 Poison Magic
 + Level 1.6 Invocations
 + Level 1.4 Evocations


You had 6 spell levels left.
You didn't know any spells.

Dungeon Overview and Level Annotations

Branches:
Dungeon (4/15)
 Temple: D:4-7

Altars:
Gozag


Innate Abilities, Weirdness & Mutations

Your experience applies equally to all skills.
You have extremely sharp teeth.
Your uncanny sense of smell can sniff out nearby items.
You have large cloven feet.


Message History

The iguana bites you!
Found 20 gold pieces.
The iguana bites you.
You see here 20 gold pieces.
You closely miss the iguana. You kick the iguana, but do no damage.
You are near starving!
The iguana barely misses you.
You hit the iguana but do no damage. Your bite misses the iguana.
The iguana bites you!
* * * LOW HITPOINT WARNING * * *
You closely miss the iguana. You kick the iguana, but do no damage.
The iguana closely misses you.
You puncture the iguana! You bite the iguana, but do no damage.
The iguana is heavily wounded.
The iguana bites you!
* * * LOW HITPOINT WARNING * * *
You closely miss the iguana.
The iguana is heavily wounded.
The iguana misses you. The iguana bites you!
You die...

#### ##### #..
....# ###.###
....########...l@#
##..#......#.#.###
.#..#......#.._..#
.#..#......###.#.#
.#..#......#.....#
##.##...##.###.####
...#######........#
........#.....†...#
........#.........#


You could see an iguana.

Vanquished Creatures
  Ijyb (D:4)
  An iguana (D:4)
  3 gnolls (D:4)
  3 adders
  3 oozes
  2 adder skeletons (D:4)
  A worm (D:2)
  A dart slug (D:2)
  A leopard gecko (D:4)
  An orc (D:4)
  A giant cockroach (D:4)
  2 goblins (D:2)
  2 hobgoblins (D:2)
  3 jackals (D:4)
  A quokka (D:2)
  A bat (D:1)
  3 frilled lizards
  A kobold (D:2)
31 creatures vanquished.

Notes
Turn   | Place    | Note
-------+----------+-------------------------------------------
     0 | D:1      | Iko the Gnoll Berserker began the quest for the Orb.
     0 | D:1      | Reached XP level 1. HP: 23/23 MP: 1/1
   137 | D:2      | Reached XP level 2. HP: 29/29 MP: 2/2
   150 | D:2      | Reached XP level 3. HP: 13/35 MP: 3/3
   336 | D:2      | Found a faded altar of an unknown god.
   401 | D:2      | Gained mutation: You have large cloven feet. [potion of mutation]
   401 | D:2      | Gained mutation: You have extremely sharp teeth. [potion of mutation]
   423 | D:2      | Reached skill level 1 in Invocations
   541 | D:4      | Reached skill level 1 in Short Blades
   541 | D:4      | Reached skill level 1 in Long Blades
   541 | D:4      | Reached skill level 1 in Axes
   541 | D:4      | Reached skill level 1 in Polearms
   541 | D:4      | Reached skill level 1 in Staves
   541 | D:4      | Reached skill level 1 in Slings
   541 | D:4      | Reached skill level 1 in Bows
   541 | D:4      | Reached skill level 1 in Crossbows
   541 | D:4      | Reached skill level 1 in Throwing
   541 | D:4      | Reached skill level 1 in Stealth
   541 | D:4      | Reached skill level 1 in Shields
   541 | D:4      | Reached skill level 1 in Unarmed Combat
   541 | D:4      | Reached skill level 1 in Spellcasting
   541 | D:4      | Reached skill level 1 in Evocations
   556 | D:4      | Reached XP level 4. HP: 37/41 MP: 5/5
   620 | D:4      | Noticed Ijyb
   629 | D:4      | Killed Ijyb
   629 | D:4      | Reached ** piety under Trog
   720 | D:4      | Found an opulent altar of Gozag.
   750 | D:4      | Reached skill level 1 in Conjurations
   750 | D:4      | Reached skill level 1 in Hexes
   750 | D:4      | Reached skill level 1 in Charms
   750 | D:4      | Reached skill level 1 in Summonings
   750 | D:4      | Reached skill level 1 in Necromancy
   750 | D:4      | Reached skill level 1 in Translocations
   750 | D:4      | Reached skill level 1 in Transmutations
   750 | D:4      | Reached skill level 1 in Fire Magic
   750 | D:4      | Reached skill level 1 in Ice Magic
   750 | D:4      | Reached skill level 1 in Air Magic
   750 | D:4      | Reached skill level 1 in Earth Magic
   750 | D:4      | Reached skill level 1 in Poison Magic
   753 | D:4      | Reached XP level 5. HP: 25/47 MP: 6/6
   860 | D:4      | Slain by an iguana

Skill      XL: |  1  2  3  4 |
---------------+-------------+-----
Invocations    | 1 |  1.6
Short Blades   | 1 |  1.4
Long Blades    | 1 |  1.4
Axes           | 1 |  1.4
Polearms       | 1 |  1.4
Staves         | 1 |  1.4
Slings         | 1 |  1.4
Bows           | 1 |  1.4
Crossbows      | 1 |  1.4
Throwing       | 1 |  1.4
Stealth        | 1 |  1.4
Shields        | 1 |  1.4
Unarmed Combat | 1 |  1.4
Spellcasting   | 1 |  1.4
Evocations     | 1 |  1.4
Conjurations   | 1 |  1.1
Hexes          | 1 |  1.1
Charms         | 1 |  1.1
Summonings     | 1 |  1.1
Necromancy     | 1 |  1.1
Translocations | 1 |  1.1
Transmutations | 1 |  1.1
Fire Magic     | 1 |  1.1
Ice Magic      | 1 |  1.1
Air Magic      | 1 |  1.1
Earth Magic    | 1 |  1.1
Poison Magic   | 1 |  1.1
Fighting       | |  6.7
Maces & Flails | |  6.7
Armour         | |  4.7
Dodging        | |  4.7

Action                   |  1- 3 |  4- 6 || total
-------------------------+-------+-------++-------
Melee: Mace              |    51 |     6 ||    57
       Bite              |     5 |     3 ||     8
       Kick              |     5 |    11 ||    16
       Rapier            |       |    34 ||    34
Invok: Berserk           |     1 |     1 ||     2
  Use: Scroll            |     4 |       ||     4
       Potion            |     4 |     1 ||     5
 Stab: Sleeping          |     5 |       ||     5
Armor: Animal skin       |     6 |     5 ||    11
Dodge: Dodged            |    38 |    33 ||    71
